AoeStats
← pippo

Arena

510155047Analyzed
3v3 RM · 2d ago on Sep 29, 2026· 51m 30s· 6 players
Game mode
Random Map
Map size
Normal (6 player)
Population
200
Speed
Normal
Resources
Standard
Victory
Conquest
Starting age
Dark Age
Ending age
Imperial Age
RankedLock teamsTeams togetherTeam positionsShared explorationLock speedFull tech treeHidden civsTurbo modeCheats
Victory
Defeat
🇨🇭 Mongols · Switzerland
989
+12
🇨🇭 Khmer · Switzerland
941
+14
🇨🇭 Bohemians · Switzerland
881
+16
🇧🇷 Vikings · Brazil
957
-16
🇧🇷 Khmer · Brazil
873
-13
🇧🇷 Japanese · Brazil
857
-13
FREDERICUS-HERECTUS
0:28 Loom
13:00 Feudal Age
13:26 Double-Bit Axe
13:30 Town Watch
13:27 Horse Collar
13:40 Gold Mining
13:40 Stone Mining
15:14 Man-at-Arms
24:56 Castle Age
23:12 Forging
22:53 Fletching
23:14 Scale Mail Armor
23:27 Padded Archer Armor
24:17 Arson
25:17 Crossbowman
26:18 Elite Skirmisher
26:56 Bodkin Arrow
27:37 Iron Casting
27:20 Chain Mail Armor
27:21 Leather Archer Armor
27:09 Squires
27:36 Heavy Plow
27:52 Bow Saw
28:44 Gold Shaft Mining
31:30 Murder Holes
34:26 Imperial Age
33:01 Pikeman
37:00 Plate Mail Armor
37:01 Masonry
37:21 Ballistics
39:10 Architecture
38:59 Bracer
40:31 Blast Furnace
41:50 Conscription
43:14 Chemistry
42:48 Ring Archer Armor
44:46 Elite Berserk
JLT_Shinoub
4:41 Loom
11:52 Feudal Age
13:12 Wheelbarrow
12:23 Double-Bit Axe
12:21 Horse Collar
14:59 Stone Mining
21:26 Castle Age
20:27 Gold Mining
21:57 Bloodlines
22:25 Hand Cart
22:23 Bow Saw
22:15 Heavy Plow
24:25 Gold Shaft Mining
24:28 Stone Shaft Mining
31:35 Imperial Age
29:40 Caravan
30:58 Fletching
31:34 Ballistics
31:10 Murder Holes
32:07 Masonry
33:21 Chemistry
32:56 Crop Rotation
33:05 Conscription
33:04 Husbandry
34:32 Scale Barding Armor
35:17 Siege Engineers
35:21 Town Watch
36:04 Double Crossbow
35:43 Pikeman
37:36 Forging
38:36 Town Patrol
38:31 Light Cavalry
39:14 Hussar
40:04 Halberdier
43:12 Chain Barding Armor
43:29 Iron Casting
42:49 Bodkin Arrow
43:05 Elite Ballista Elephant
47:33 Plate Barding Armor
48:00 Blast Furnace
felipetutuba
9:37 Feudal Age
10:03 Double-Bit Axe
10:01 Horse Collar
11:31 Loom
20:49 Castle Age
21:07 Pikeman
22:06 Heavy Plow
31:19 Imperial Age
31:32 Halberdier
31:39 Capped Ram
33:51 Scale Mail Armor
34:01 Forging
35:29 Chain Mail Armor
36:55 Plate Mail Armor
37:01 Iron Casting
38:00 Kataparuto
40:21 Blast Furnace
40:32 Bow Saw
41:00 Wheelbarrow
marco
10:56 Feudal Age
15:02 Castle Age
13:23 Double-Bit Axe
13:21 Horse Collar
24:39 Loom
24:55 Gold Mining
30:26 Imperial Age
28:54 Gold Shaft Mining
28:11 Stone Mining
29:13 Wheelbarrow
28:23 Town Watch
28:43 Fletching
28:54 Padded Archer Armor
30:32 Leather Archer Armor
30:12 Bodkin Arrow
31:08 Hand Cart
31:07 Bow Saw
31:28 Scale Barding Armor
31:33 Forging
32:21 Conscription
34:34 Bracer
34:56 Chain Barding Armor
35:11 Iron Casting
35:50 Chemistry
34:34 Elite Mangudai
36:45 Ballistics
36:41 Bloodlines
36:33 Husbandry
35:55 Light Cavalry
37:47 Hussar
39:32 Blast Furnace
39:32 Devotion
pippo
12:53 Feudal Age
16:09 Castle Age
13:54 Horse Collar
14:01 Double-Bit Axe
17:46 Bow Saw
17:27 Loom
18:27 Wheelbarrow
18:19 Heavy Plow
24:56 Ballistics
25:56 Forging
25:57 Scale Barding Armor
26:20 Bloodlines
27:23 Hand Cart
27:51 Town Watch
27:59 Fletching
28:40 Husbandry
32:00 Iron Casting
31:46 Chain Barding Armor
31:54 Town Patrol
32:12 Light Cavalry
32:55 Bodkin Arrow
36:23 Imperial Age
34:20 Elite Skirmisher
35:32 Tusk Swords
35:58 Padded Archer Armor
37:52 Elite Battle Elephant
37:57 Hussar
40:50 Blast Furnace
43:17 Plate Barding Armor
43:45 Chemistry
45:08 Leather Archer Armor
45:09 Bracer
46:00 Caravan
48:00 Conscription
52:30 Ring Archer Armor
benegesserit_333
10:07 Feudal Age
14:52 Castle Age
13:59 Double-Bit Axe
20:37 Horse Collar
23:51 Ballistics
25:50 Wheelbarrow
25:40 Fletching
26:30 Heavy Plow
31:25 Imperial Age
30:02 Hand Cart
30:04 Bow Saw
31:26 Chemistry
32:34 Elite Hussite Wagon
34:01 Siege Engineers
35:10 Conscription
35:34 Wagenburg Tactics
39:39 Houfnice
Connection lost

Rejoining the realm…

Still unreachable

The connection could not be restored.

Session expired

The server has moved on; the page needs a fresh start.